 Dungeon Crawl Stone Soup version 0.30-b1-2-g02819fbbbe (webtiles) character file.

Game seed: 18232829732637826946

65 LLlMATKO the Chopper (level 3, -8/33 HPs)
             Began as a Minotaur Berserker on Oct 21, 2023.
             Was a Follower of Trog.
             Mangled by an orc
             ... wielding a +0 morningstar
              (12 damage)
             ... on level 3 of the Dungeon.
             The game lasted 00:01:30 (1252 turns).

LLlMATKO the Chopper (Minotaur Berserker)           Turns: 1252, Time: 00:01:31

Health: -8/33      AC:  2    Str: 23    XL:     3   Next: 94%
Magic:  2/2        EV: 13    Int:  4    God:    Trog [*.....]
Gold:   126        SH:  0    Dex: 15    Spells: 2/2 levels left

rFire   . . .        a - +0 hand axe
rCold   . . .        (no shield)
rNeg    . . .        b - +0 animal skin
rPois   .            (helmet restricted)
rElec   .            (no cloak)
rCorr   .            (no gloves)
SInv    .            (no boots)
Will    .....        (no amulet)
Stlth   +            g - +6 ring of dexterity
HPRegen 0.25/turn    (no ring)
MPRegen 0.08/turn

%: no passive effects
@: on berserk cooldown, slowed, very slow
A: horns 2, retaliatory headbutt
a: Renounce Religion, Berserk


You were on level 3 of the Dungeon.
You worshipped Trog.
Trog was aware of your devotion.
You visited 1 branch of the dungeon, and saw 3 of its levels.

You collected 126 gold pieces.

Inventory:

Hand Weapons
 a - a +0 hand axe (weapon)
 c - a +0 hand axe
Armour
 b - a +0 animal skin (worn)
Jewellery
 g - a +6 ring of dexterity (left hand)
Scrolls
 d - 2 scrolls of identify
 f - a scroll of enchant weapon {unknown}
 i - a scroll of teleportation
Potions
 e - a potion of mutation {unknown}
 h - 3 potions of curing
 k - a potion of attraction {unknown}
 l - a potion of magic {unknown}
 m - a potion of haste {unknown}
 o - a potion of might {unknown}


   Skills:
 + Level 4.2 Fighting
 + Level 4.3 Axes
 + Level 3.3 Armour
 + Level 3.0 Dodging


You had 2 spell levels left.
You didn't know any spells.
Your spell library was empty.

Dungeon Overview and Level Annotations

Branches:
Dungeon (3/15)

Altars:
Uskayaw


Innate Abilities, Weirdness & Mutations

You have a pair of horns on your head.
You reflexively headbutt those who attack you in melee.


Message History

You closely miss something.
The orc wizard hits you with a +0 dagger.
Something hits you but does no damage.
Unknown command.
You hit something. You closely miss the orc. You hit the orc wizard.
You hear some strange, mumbled words.
You are confused.
The orc wizard misses you. The orc barely misses you.
Unknown command.
You bump into the rock wall.
The orc hits you but does no damage. Something hits you.
The orc wizard hits you with a +0 dagger.
Unknown command.
You feel a strong urge to attack something.
Unknown command.
You are no longer berserk.
You are exhausted.
You feel yourself slow down.
You hit the orc wizard but do no damage.
You headbutt the orc wizard!
The orc wizard is almost dead.
The orc wizard barely misses you.
The orc wizard hits you with a +0 dagger.
Something hits you but does no damage.
Unknown command.
Something hits you.
* * * LOW HITPOINT WARNING * * *
You hear the slow rusting of a drain nearby.
You feel less confused.
Unknown command.
You hit the orc.
The orc is almost dead.
You hit the orc wizard. You closely miss something.
The orc wizard barely misses you. Something hits you.
* * * LOW HITPOINT WARNING * * *
The orc hits you with a +0 hand axe.
* * * LOW HITPOINT WARNING * * *
The orc wizard mumbles some strange words.
The orc wizard flickers and vanishes!
The orc hits you with a +0 morningstar!
You die...

...# #.# ######.#######
####.#### .
#............####).......
..#............#...........
...............#.##########
#.............#.# #
#$.........>..#.+ #
#....)ooo......# #
.......#S{@......# #
.......#.........# #
.......+.........# #
.......#....<....# +
########...).....# #
........>..# # ............
. .............. #.
....###### ##


You could see 3 orcs and a ball python.

Vanquished Creatures
  Ijyb (D:3)
  2 dart slugs
  2 orcs (D:3)
  4 bats
  An endoplasm (D:3)
  A giant cockroach (D:1)
  4 jackals
  3 quokkas
  3 ball pythons
  5 goblins
  2 kobolds
  5 rats
33 creatures vanquished.

Notes
Turn   | Place    | Note
-------+----------+-------------------------------------------
     0 | D:1      | LLlMATKO the Minotaur Berserker began the quest for the
                  | Orb.
     0 | D:1      | Reached XP level 1. HP: 19/19 MP: 0/0
   111 | D:1      | Reached XP level 2. HP: 27/27 MP: 1/1
   804 | D:2      | Found a hide-covered altar of Uskayaw.
   837 | D:2      | Found a faded altar of an unknown god.
   995 | D:2      | Reached XP level 3. HP: 31/33 MP: 2/2
  1159 | D:3      | Noticed Ijyb
  1168 | D:3      | Killed Ijyb
  1252 | D:3      | Mangled by an orc

Illustrated notes

Levels and vault maps discovered:
D:1:      wander_arrival_lonely_grave, layout_rooms
D:2:      layout_basic, basic_altar,
          hellmonk_ecumenical_altar_pennies_from_heaven
D:3:      layout_basic, portal_sewer_entry_b, minmay_misc_feat_chi,
          minivault_25, minmay_misc_feat_hallway, uniq_ijyb, uniq_terence

Skill      XL: |  1  2  3 |
---------------+----------+-----
Axes           | 4 |  4.3
Fighting       | 4 |  4.2
Armour         | 3 |  3.3
Dodging        | 3 |  3.0

Action                     || total
---------------------------++-------
  Melee: Hand axe          ||    66
         Headbutt          ||    11
 Invoke: Berserk           ||     2
    Use: Scroll            ||     6
 Armour: Animal skin       ||     9
  Dodge: Dodged            ||    41
